 Dungeon Crawl Stone Soup version 0.27.1-34-g3ba077fa99 (webtiles) character file.

Game seed: 10643689457783829167

114 Delamore the Sneak (level 4, -3/19 HPs)
             Began as a Felid Transmuter on Jan 21, 2022.
             Killed by divine providence
             ... invoked by an orc priest
              (14 damage)
             ... on level 3 of the Dungeon.
             The game lasted 00:04:56 (3558 turns).

Delamore the Sneak (Felid Transmuter)               Turns: 3558, Time: 00:04:57

Health: -3/19      AC:  1    Str:  8    XL:     4   Next: 67%
Magic:  8/8        EV: 20    Int: 14    God:
Gold:   68         SH:  0    Dex: 22    Spells: 6/7 levels left
                                        Lives:  0   Deaths: 1

rFire    . . .     SeeInvis +     - Unarmed
rCold    . . .     Faith    .   (shield unavailable)
rNeg     . . .     Spirit   .   (armour unavailable)
rPois    .         Reflect  .   (helmet unavailable)
rElec    .         Harm     .   (cloak unavailable)
rCorr    .         Rampage  .   (gloves unavailable)
Will     .....                  (boots unavailable)
Stlth    +++.......             b - amulet of the acrobat
HPRegen  0.06/turn              (no ring)
MPRegen  0.11/turn              (no ring)

@: hasted, very quick
A: very small, claws 1, fangs 3, see invisible, speed 1, shaggy fur 1, stealthy
paws, no weapons or thrown items, no armour, multi-lived, agile 2, strong 1,
MP-powered wands
a: no special abilities


You were on level 3 of the Dungeon.
You visited 1 branch of the dungeon, and saw 3 of its levels.

You collected 134 gold pieces.
You spent 66 gold pieces at shops.

Inventory:

Jewellery
 b - an amulet of the acrobat (around neck)
Scrolls
 d - a scroll of enchant armour {unknown}
Potions
 a - a potion of resistance
 e - a potion of heal wounds
 f - a potion of flight {unknown}
 g - a potion of degeneration


   Skills:
 - Level 1.0 Fighting
 + Level 4.5 Dodging
 * Level 5.6 Stealth
 - Level 3.0 Unarmed Combat
 - Level 2.0 Spellcasting
 + Level 3.7 Transmutations


You had 6 spell levels left.
You knew the following spells:

 Your Spells              Type           Power      Damage    Failure   Level
a - Beastly Appendage     Tmut           22%        N/A       5%          1

Your spell library contained the following spells:

 Spells                   Type           Power      Damage    Failure   Level
 Wereblood                Tmut           11%        N/A       8%          2
 Spider Form              Tmut/Pois      3%         N/A       32%         3
 Ice Form                 Ice/Tmut       6%         N/A       73%         4


Dungeon Overview and Level Annotations

Branches:
Dungeon (3/15)

Altars:

Shops:
D:2 =*!

Annotations:
D:3 Natasha


Innate Abilities, Weirdness & Mutations

You have sharp claws.
You have razor-sharp teeth.
You have supernaturally acute eyesight. (SInv)
You cover ground quickly. (Speed+)
You are covered in fur. (AC +1)
Your paws help you pounce on unaware monsters.
You are incapable of wielding weapons or throwing items.
You cannot wear armour.
You gain extra lives every three experience levels.
You are very agile. (Dex +4)
Your muscles are strong. (Str +2)
You expend magic power (3 MP) to strengthen your wands.


Message History

You are too injured to fight recklessly!
You are too injured to fight recklessly!
You are too injured to fight recklessly!
You are too injured to fight recklessly!
Okay, then.
You feel sick.
You feel sick.
You feel sick.
You are no longer poisoned.
The adder closely misses you.
Natasha mumbles some strange words.
Natasha shimmers violently.
You see here a giant cockroach corpse.
Natasha casts a spell at you. The magic dart hits you.
You die...
You are now level 4!
You rejoin the land of the living...
Found a stone staircase leading down.
An orc comes into view. It is wielding a +0 hand axe.
You pounce on the unaware helpless orc!
You mangle the orc!!
You kill the orc!
No target in view!
An orc priest comes into view. It is wielding a +0 dagger.
An orc priest is nearby!
An orc and an orc wizard come into view.
The orc wizard shouts!
The orc priest shouts!
You hear a shout!
An orc wizard comes into view. It is wielding a +2 dagger of flaming.
You scratch the orc.
The orc is heavily wounded.
The orc wizard points at you and mumbles some strange words.
The magic dart hits you!
You feel yourself speed up.
The orc wizard gestures wildly while chanting.
The orc wizard flickers and vanishes for a moment.
The orc closely misses you.
The orc priest calls down the wrath of Beogh upon you.
Beogh smites you!
Ouch! That really hurt!
You die...

...
###.###.#
#...
..)....<#
#..
#########
#..##
#...####
#.#....#
#...##.#
#...##)###
##.##...@o#
##...#.###o#
#......#


o.o ##...#.# .##.# ##.##... .# # ####...... #.#>### #.#.# You could see an orc
priest, 2 orc wizards and an orc.

Vanquished Creatures
  A water moccasin skeleton (D:2)
  Jessica (D:2)
  4 gnolls (D:2)
  6 adders
  A worm (D:2)
  3 dart slugs
  An orc (D:3)
  2 bats (D:2)
  6 endoplasms
  3 giant cockroaches
  5 goblins
  3 jackals (D:1)
  A quokka (D:2)
  2 ball pythons (D:1)
  2 frilled lizards
  5 kobolds
  A rat (D:3)
47 creatures vanquished.

Notes
Turn   | Place    | Note
-------+----------+-------------------------------------------
     0 | D:1      | Delamore the Felid Transmuter began the quest for the Orb.
     0 | D:1      | Reached XP level 1. HP: 9/9 MP: 4/4
   127 | D:1      | Reached skill level 1 in Stealth
   350 | D:1      | Reached XP level 2. HP: 12/12 MP: 6/6
   520 | D:1      | Reached skill level 2 in Stealth
   854 | D:1      | Gained mutation: You are agile. (Dex +2) [potion of
                  | mutation]
   854 | D:1      | Gained mutation: You expend magic power (3 MP) to
                  | strengthen your wands. [potion of mutation]
   854 | D:1      | Gained mutation: Your muscles are strong. (Str +2) [potion
                  | of mutation]
   854 | D:1      | Gained mutation: You are very agile. (Dex +4) [potion of
                  | mutation]
   877 | D:2      | Noticed Jessica
   931 | D:2      | Found Wimiraag's Jewellery Shop.
  1026 | D:2      | Reached skill level 3 in Stealth
  1026 | D:2      | Reached XP level 3. HP: 15/15 MP: 7/7
  1319 | D:2      | Killed Jessica
  1320 | D:2      | Reached skill level 4 in Stealth
  1320 | D:2      | Reached XP level 4. HP: 3/19 MP: 6/8
  2134 | D:2      | Found Sofru's Distillery.
  2456 | D:2      | Reached XP level 5. HP: 22/22 MP: 9/9
  2472 | D:2      | Reached skill level 5 in Stealth
  2774 | D:2      | Found Potzeuxt's Assorted Antiques.
  3218 | D:2      | Bought a potion of heal wounds for 55 gold pieces
  3218 | D:2      | Bought a potion of degeneration for 11 gold pieces
  3325 | D:3      | Noticed Natasha
  3545 | D:3      | Killed from afar by Natasha
  3546 | D:3      | Reached XP level 4. HP: -1/19 MP: 8/8
  3558 | D:3      | Killed from afar by an orc priest

Illustrated notes

Levels and vault maps discovered:
D:1:      erik_arrival_triangle_small, layout_basic
D:2:      layout_basic, serial_rivers, chequers_serial_rivers_small_3,
          chequers_serial_rivers_room_b, chequers_serial_rivers_room_a,
          chequers_serial_rivers_room_a, serial_shops, shop_fountains,
          nicolae_square_shop, nicolae_lakefront_shop, uniq_jessica
D:3:      layout_loops_ring, nicolae_dithmenos_the_darkroom, xom_butterflies,
          uniq_natasha, uniq_terence

Skill      XL: |  1  2  3  4  5 |
---------------+----------------+-----
Stealth        | 1 3 4 5 |  5.6
Dodging        | 3 4 |  4.5
Transmutations | 3 |  3.7
Fighting       | |  1.0
Unarmed Combat | |  3.0
Spellcasting   | |  2.0

Action                   |  1- 3 |  4- 6 || total
-------------------------+-------+-------++-------
Melee: Unarmed           |    58 |    98 ||   156
       Bite              |     7 |     6 ||    13
       Headbutt          |     1 |       ||     1
       Punch             |       |     2 ||     2
 Cast: Beastly Appendage |     1 |       ||     1
  Use: Scroll            |     3 |       ||     3
       Potion            |     2 |     1 ||     3
 Stab: Sleeping          |       |     5 ||     5
Armor: Skin              |     1 |     1 ||     2
Dodge: Dodged            |    50 |    91 ||   141
